 Dungeon Crawl Stone Soup version 0.31-a0-702-gf82c85558f (webtiles) character file.

Game seed: 3776062907152593956

44 qw the Shooter (level 3, 0/22 HPs)
             Began as a Gargoyle Hunter on Sept 7, 2023.
             Slain by a hobgoblin (5 damage)
             ... led by Robin
             ... on level 2 of the Dungeon.
             The game lasted 00:00:21 (881 turns).

qw the Shooter (Gargoyle Hunter)                     Turns: 881, Time: 00:00:22

Health: 0/22       AC:  8    Str: 14    XL:     3   Next: 62%
Magic:  3/3        EV: 10    Int:  9    God:
Gold:   117        SH:  0    Dex: 15    Spells: 2/2 levels left

rFire   . . .        Y - +0 shortbow
rCold   . . .        (shield currently unavailable)
rNeg    + . .        d - +0 ring mail
rPois   inf          (no helmet)
rElec   +            (no cloak)
rCorr   .            (no gloves)
SInv    .            (no boots)
Will    .....        (no amulet)
Stlth   +            (no ring)
HPRegen 0.23/turn    (no ring)
MPRegen 0.08/turn

%: no passive effects
@: no status effects
A: sickness immunity, AC +3, negative energy resistance 1, electricity
resistance, torment resistance 1, petrification resistance
a: no special abilities


You were on level 2 of the Dungeon.
You visited 1 branch of the dungeon, and saw 2 of its levels.

You collected 117 gold pieces.


Innate Abilities, Weirdness & Mutations

You are immune to sickness and miasma.
Your stone body is resilient. (AC +3)
You are immune to poison.
You resist negative energy. (rN+)
You are resistant to electric shocks. (rElec)
You are resistant to unholy torment.
You are immune to petrification.


   Skills:
 + Level 2.3 Fighting
 - Level 5.0 Ranged Weapons
 - Level 1.0 Armour
 - Level 1.5 Dodging
 - Level 1.1 Stealth


You had 2 spell levels left.
You didn't know any spells.
Your spell library was empty.

Inventory:

Hand Weapons
 Y - a +0 shortbow (weapon)
Armour
 d - a +0 ring mail (worn)
Scrolls
 a - a scroll of vulnerability {unknown}
 f - 2 scrolls of identify
Potions
 b - a potion of invisibility {unknown}

Dungeon Overview and Level Annotations

Branches:
Dungeon (2/15)

Altars:
Makhleb

Annotations:
D:2 Robin


Message History

The goblin hits you with a +0 dagger. The goblin hits you but does no damage.
The hobgoblin hits you.
You shoot an arrow. The arrow hits the goblin!
You kill the goblin!
The hobgoblin barely misses you. The goblin hits you but does no damage.
Robin roars a battlecry!
The goblin goes into a battle-frenzy!
The goblin unwields a +0 dagger.
The goblin wields a +0 sling.
The goblin shoots a sling bullet.
The sling bullet hits you but does no damage.
The hobgoblin hits you but does no damage.
You hear a shout!
You shoot an arrow. The arrow hits the hobgoblin.
The hobgoblin is almost dead.
The hobgoblin closely misses you. x2; The goblin hits you but does no damage.
The hobgoblin closely misses you.
The goblin shoots a sling bullet.
The sling bullet completely misses you.
The sling bullet hits the goblin!
The goblin dies!
You shoot an arrow.
The arrow hits the hobgoblin but does no damage.
The hobgoblin is almost dead.
The hobgoblin barely misses you. The hobgoblin closely misses you. x2
The goblin shoots a sling bullet.
The sling bullet barely misses you.
You shoot an arrow. The arrow barely misses the hobgoblin.
The hobgoblin hits you but does no damage.
The hobgoblin barely misses you. The goblin hits you but does no damage.
The hobgoblin barely misses you. Robin throws the goblin at you!
The goblin unwields a +0 sling.
The goblin wields a +0 dagger.
The goblin hits you but does no damage.
A goblin comes into view. It is wielding a +0 dagger.
The goblin barely misses you. The hobgoblin hits you.
The hobgoblin hits you but does no damage.
The hobgoblin misses you.
You shoot an arrow.
The arrow hits the hobgoblin but does no damage.
The hobgoblin is almost dead.
The goblin closely misses you.
The hobgoblin hits you but does no damage.
The hobgoblin hits you.
You die...

) .# g##.##### .<.......
#)........ .. #...........
#...###g...._.....
#...g.g.........
#@g......... ##gg.........
##........... . #........##
# #. #....#.....# .# .##
##..#..#.#.######... #...
.#.#.....#...#...... ..#.
.#....######.....#
..#.#####...#.............#


You could see Robin, 3 hobgoblins and 3 goblins.

Vanquished Creatures
  An adder (D:2)
  2 ball pythons (D:2)
  4 endoplasms
  2 giant cockroaches (D:1)
  5 goblins
  5 hobgoblins
  4 jackals (D:1)
  2 quokkas
  A bat (D:1)
  A frilled lizard (D:1)
  3 rats (D:1)
30 creatures vanquished.

Vanquished Creatures (others)
  A goblin (D:2)
1 creature vanquished.

Grand Total: 31 creatures vanquished

Notes
Turn   | Place    | Note
-------+----------+-------------------------------------------
     0 | D:1      | qw the Gargoyle Hunter began the quest for the Orb.
     0 | D:1      | Reached XP level 1. HP: 12/12 MP: 1/1
     0 | D:1      | 0 ||| qw: Version: 0.3-a-76-g4403597
     0 | D:1      | 0 ||| qw: Game counter: 904
     0 | D:1      | 0 ||| qw: Melee chars always use a shield: true
     0 | D:1      | 0 ||| qw: God list: Okawaru
     0 | D:1      | 0 ||| qw: Allow faded altars: false
     0 | D:1      | 0 ||| qw: Do Orc after clearing Dungeon:15 true
     0 | D:1      | 0 ||| qw: Do second Lair branch before Depths: true
     0 | D:1      | 0 ||| qw: Lair rune preference: random
     0 | D:1      | 0 ||| qw: Goals: Normal
     0 | D:1      | 0 ||| PLANNING D:1-11
   124 | D:1      | Reached XP level 2. HP: 16/17 MP: 2/2
   717 | D:1      | 717 ||| UPGRADING to +0 ring mail.
   727 | D:1      | 727 ||| DROPPING +0 leather armour.
   728 | D:1      | 728 ||| READING scroll labelled RUCRORRUIDI.
   729 | D:1      | 729 ||| READING 2 scrolls labelled QUGEYN GUMOI.
   730 | D:1      | 730 ||| DROPPING scroll of butterflies.
   792 | D:2      | Reached XP level 3. HP: 21/21 MP: 3/3
   801 | D:2      | Reached skill level 1 in Armour
   849 | D:2      | Found a burning altar of Makhleb.
   863 | D:2      | Reached skill level 5 in Ranged Weapons
   873 | D:2      | Noticed Robin
   880 | D:2      | HP: 5/22 [hobgoblin[Robin] (6)]
   881 | D:2      | Slain by a hobgoblin

Levels and vault maps discovered:
D:1:      scummos_arrival_gate, layout_basic, serial_rivers,
          chequers_serial_rivers_micro_b, chequers_serial_rivers_small_a,
          chequers_serial_rivers_micro_a, chequers_serial_rivers_micro_b,
          chequers_serial_rivers_room_a, chequers_serial_rivers_room_a,
          corexii_hall_statues_i
D:2:      minmay_thinvault, layout_rooms, basic_altar, uniq_robin

Skill      XL: |  1  2  3 |
---------------+----------+-----
Armour         | 1 |  1.0
Ranged Weapons | 5 |  5.0
Fighting       | |  2.3
Dodging        | |  1.5
Stealth        | |  1.1

Action                     || total
---------------------------++-------
   Fire: Shortbow          ||    98
    Use: Scroll            ||     2
 Armour: Leather armour    ||    31
         Ring mail         ||    27
  Dodge: Dodged            ||    54

Table legend:
 A = Non-vault XP
 B = Vault XP
 C = Vault XP percentage of total XP
 D = Non-vault monster count
 E = Vault monster count
 F = Vault count percentage of total count
                 A         B        C        D         E       F
            +---------+---------+-------+---------+---------+-------
      Total |      57 |       7 |  10.9 |      26 |       4 |  13.3
            +---------+---------+-------+---------+---------+-------
        D:1 |      29 |       0 |   0.0 |      17 |       0 |   0.0
        D:2 |      28 |       7 |  20.0 |       9 |       4 |  30.8
            +---------+---------+-------+---------+---------+-------
